[Event "ICC tourney 2803 (60 5)"]
[Site "Internet Chess Club"]
[Date "2022.01.22"]
[Round "2"]
[White "LI, DAVID TONGJIA:UltimateDL"]
[Black "JIN, JERRY:MysteryHunter"]
[Result "1/2-1/2"]
[ICCResult "Game drawn by repetition"]
[WhiteElo "1886"]
[BlackElo "1622"]
[Opening "Sicilian: Prins (Moscow) variation"]
[ECO "B55"]
[NIC "SI.01"]
[Time "14:00:26"]
[PlyCount "82"]
[TimeControl "3600+5"]

1. e4 c5 2. Nf3 d6 3. d4 cxd4 4. Nxd4 Nf6 5. f3 e5 6. Nb3 Be6 7. c4 Nbd7 8.
Nc3 h5 9. h4 Be7 10. Be3 a6 11. Bf2 Rc8 12. Nd5 Bxd5 13. cxd5 O-O 14. Qd2
Re8 15. Bd3 g6 16. Ke2 Bf8 17. Na5 Rb8 18. Rac1 Nc5 19. b4 Nxd3 20. Qxd3 Bh6
21. Be3 Bxe3 22. Qxe3 Qd7 23. a3 Qb5+ 24. Qd3 Qxd3+ 25. Kxd3 b6 26. Nc6 Rb7
27. Rc3 Nd7 28. Rhc1 Kf8 29. Ke3 Kg7 30. a4 Kf8 31. b5 a5 32. g3 Nc5 33. Rc4
Kg7 34. Rf1 Rd7 35. Rd1 Rb7 36. Rf1 Rd7 37. Rd1 Rb7 38. Rf1 Rd7 39. Rd1 Rb7
40. Rf1 Rd7 41. Rd1 Rb7 {Game drawn by repetition} 1/2-1/2

[Event "ICC tourney 2803 (60 5)"]
[Site "Internet Chess Club"]
[Date "2022.01.22"]
[Round "2"]
[White "HEBDEN, MARK L:mhebden"]
[Black "SHAWKAT, SAIF:saif-shawkat"]
[Result "1-0"]
[ICCResult "Black resigns"]
[WhiteElo "2505"]
[BlackElo "1984"]
[Opening "King's Indian: fianchetto without c4"]
[ECO "A49"]
[NIC "QP.06"]
[Time "14:00:08"]
[PlyCount "89"]
[TimeControl "3600+5"]

1. d4 Nf6 2. Nf3 g6 3. g3 Bg7 4. Bg2 c5 5. d5 d6 6. O-O O-O 7. Nc3 a6 8. a4
e6 9. e4 exd5 10. exd5 Bg4 11. h3 Bxf3 12. Bxf3 Nbd7 13. Bf4 Ne5 14. Be2 Ne8
15. Qd2 Nc7 16. Be3 b5 17. f4 Nc4 18. Bxc4 bxc4 19. f5 Re8 20. Bh6 Qf6 21.
Bxg7 Kxg7 22. fxg6 Qd4+ 23. Qxd4+ cxd4 24. Rxf7+ Kxg6 25. Rxc7 dxc3 26. bxc3
Re3 27. Rxc4 Rxg3+ 28. Kh2 Rg5 29. Rg1 Rxg1 30. Kxg1 Kf5 31. Rc6 Ke5 32. c4
a5 33. Kf2 Rf8+ 34. Ke3 Rg8 35. c3 Rg3+ 36. Kd2 Rxh3 37. Rc7 h5 38. Re7+ Kf4
39. Re6 Rh2+ 40. Kd3 Rh3+ 41. Kd4 h4 42. Rxd6 Rh1 43. c5 h3 44. Rh6 h2 45.
Kc4 {Black resigns} 1-0

[Event "ICC tourney 2803 (60 5)"]
[Site "Internet Chess Club"]
[Date "2022.01.22"]
[Round "2"]
[White "RAM, JAIKRISHNAN:jairam09"]
[Black "LODH, ANISH:KnightHawk8"]
[Result "0-1"]
[ICCResult "White resigns"]
[WhiteElo "1691"]
[BlackElo "1895"]
[Opening "King's Indian: Makagonov system (5.h3)"]
[ECO "E71"]
[NIC "KI.30"]
[Time "14:00:35"]
[PlyCount "76"]
[TimeControl "3600+5"]

1. d4 Nf6 2. c4 g6 3. Nc3 Bg7 4. e4 d6 5. h3 O-O 6. Be3 e5 7. d5 h6 8. Nge2
Ne8 9. g4 f5 10. gxf5 gxf5 11. exf5 Bxf5 12. Qd2 Qh4 13. O-O-O Nf6 14. Ng3
Bg6 15. Bd3 e4 16. Be2 Nbd7 17. Nb5 Ne8 18. Rdg1 Ne5 19. Nd4 Kh7 20. Ne6 Rf7
21. Kb1 Bf6 22. Nf4 Qxf4 23. Bxf4 e3+ 24. Qc2 Bxc2+ 25. Kxc2 exf2 26. Rg2
Bh4 27. Bxe5 dxe5 28. Bd3+ Kh8 29. Nf5 e4 30. Bxe4 Nd6 31. Nxd6 f1=Q 32.
Rxf1 Rxf1 33. Nf5 Rf4 34. Bd3 Rf8 35. Nxh6 Rf2+ 36. Rxf2 Rxf2+ 37. Kb1 Bf6
38. Bc2 Rf1+ {White resigns} 0-1

[Event "ICC tourney 2803 (60 5)"]
[Site "Internet Chess Club"]
[Date "2022.01.22"]
[Round "2"]
[White "LIU, ERIC CHANG:el008"]
[Black "SHEEHAN, ETHAN THOMAS:Chessking2008"]
[Result "1/2-1/2"]
[ICCResult "Game drawn by repetition"]
[WhiteElo "1954"]
[BlackElo "2197"]
[Opening "Caro-Kann: Tartakower (Nimzovich) variation"]
[ECO "B15"]
[NIC "CK.06"]
[Time "14:05:13"]
[PlyCount "63"]
[TimeControl "3600+5"]

1. e4 c6 2. d4 d5 3. Nc3 dxe4 4. Nxe4 Nf6 5. Nxf6+ exf6 6. c3 Bd6 7. Bd3 O-O
8. Qc2 Re8+ 9. Ne2 h6 10. O-O Qc7 11. h3 Nd7 12. Be3 b6 13. c4 c5 14. Be4
Bb7 15. Nc3 Bxe4 16. Nxe4 Bf4 17. Rae1 cxd4 18. Bxd4 f5 19. Nc3 Qxc4 20.
Qxf5 Rxe1 21. Rxe1 Qxd4 22. Rd1 Re8 23. g4 Bd2 24. Nb5 Qxb2 25. Qxd7 Re1+
26. Rxe1 Bxe1 27. Qc8+ Kh7 28. Qf5+ Kh8 29. Qc8+ Kh7 30. Qf5+ Kg8 31. Qc8+
Kh7 32. Qf5+ {Game drawn by repetition} 1/2-1/2

[Event "ICC tourney 2803 (60 5)"]
[Site "Internet Chess Club"]
[Date "2022.01.22"]
[Round "2"]
[White "NGUYEN, TIEN:ngthanhthuytien"]
[Black "MITRABHA, GUHA:babysnake"]
[Result "1/2-1/2"]
[ICCResult "Game drawn by repetition"]
[WhiteElo "2103"]
[BlackElo "2470"]
[Opening "English opening"]
[ECO "A05"]
[NIC "EO.48"]
[Time "14:00:35"]
[PlyCount "160"]
[TimeControl "3600+5"]

1. Nf3 Nf6 2. c4 b6 3. Nc3 Bb7 4. g3 c5 5. Bg2 g6 6. O-O Bg7 7. Re1 O-O 8.
e4 Nc6 9. e5 Ne8 10. d4 Nxd4 11. Nxd4 Bxg2 12. Kxg2 cxd4 13. Qxd4 d6 14. Bf4
Rc8 15. Rad1 Rc5 16. b4 Rc8 17. Qd3 Qd7 18. exd6 Qc6+ 19. Kg1 Nxd6 20. Nd5
Nf5 21. Qxf5 gxf5 22. Nxe7+ Kh8 23. Nxc6 Rxc6 24. Bd6 Rfc8 25. c5 bxc5 26.
bxc5 Kg8 27. Re7 a6 28. Rde1 Bd4 29. Re8+ Rxe8 30. Rxe8+ Kg7 31. Be5+ Bxe5
32. Rxe5 Kf6 33. f4 Re6 34. Rd5 Re1+ 35. Kf2 Rc1 36. Rd6+ Kg7 37. Rxa6 Rxc5
38. a4 Rc2+ 39. Kg1 Ra2 40. a5 Rc2 41. Rb6 Rc5 42. a6 Ra5 43. Kg2 Ra2+ 44.
Kh3 h6 45. Rc6 Kh7 46. Rf6 Kg7 47. Rxf5 Rxa6 48. Kg4 Ra2 49. h4 Ra3 50. h5
Rb3 51. Re5 Ra3 52. Rb5 Rc3 53. Rb6 Ra3 54. f5 Ra4+ 55. Kf3 Ra3+ 56. Kg4
Ra4+ 57. Kh3 f6 58. Rb7+ Kg8 59. Rc7 Rb4 60. Re7 Ra4 61. Kg2 Ra5 62. g4 Ra3
63. Kf2 Rb3 64. Re3 Rb4 65. Kf3 Kf7 66. Re4 Rb3+ 67. Kf4 Rb1 68. Ra4 Re1 69.
Ra7+ Kg8 70. Ra6 Kf7 71. Ra7+ Kg8 72. Rd7 Re2 73. Ra7 Re1 74. Ra8+ Kf7 75.
Ra7+ Kg8 76. Ra8+ Kf7 77. Ra7+ Kg8 78. Ra8+ Kf7 79. Ra7+ Kg8 80. Ra8+ Kf7
{Game drawn by repetition}
1/2-1/2

[Event "ICC tourney 2803 (60 5)"]
[Site "Internet Chess Club"]
[Date "2022.01.22"]
[Round "2"]
[White "DEMCHENKO, ANTON:Falstaf"]
[Black "DORASZELSKI, ALEXANDER:alexdora"]
[Result "1-0"]
[ICCResult "Black resigns"]
[WhiteElo "2654"]
[BlackElo "2150"]
[Opening "Sicilian: Cortlever (Alatortsev) variation"]
[ECO "B53"]
[NIC "SI.01"]
[Time "14:00:14"]
[PlyCount "45"]
[TimeControl "3600+5"]

1. e4 c5 2. Nf3 d6 3. d4 Nf6 4. Nc3 cxd4 5. Qxd4 Nc6 6. Qe3 g6 7. h3 Bg7 8.
Bc4 O-O 9. O-O Qb6 10. Qxb6 axb6 11. Rb1 Nd7 12. Nd5 e6 13. Nc7 Ra4 14. Bb3
Rxe4 15. Nb5 d5 16. c3 Nc5 17. Bc2 Re2 18. Bd1 Re4 19. Nd6 f5 20. Ng5 Re5
21. f4 Re4 22. Ngxe4 fxe4 23. Be3 {Black resigns} 1-0

[Event "ICC tourney 2803 (60 5)"]
[Site "Internet Chess Club"]
[Date "2022.01.22"]
[Round "2"]
[White "WILSON, MATTHEW R:roamingmatt"]
[Black "LIANG, ETHAN Y:ELCCEthan488"]
[Result "0-1"]
[ICCResult "White forfeits on time"]
[WhiteElo "2200"]
[BlackElo "1870"]
[Opening "Sicilian: Nimzovich-Rossolimo attack (with ...g6, without ...d6)"]
[ECO "B31"]
[NIC "SI.31"]
[Time "14:00:16"]
[PlyCount "80"]
[TimeControl "3600+5"]

1. e4 c5 2. Nf3 Nc6 3. Bb5 g6 4. O-O Bg7 5. Re1 Nf6 6. c3 O-O 7. d4 cxd4 8.
cxd4 d5 9. e5 Ne4 10. Nc3 Nxc3 11. bxc3 Qa5 12. Qb3 Bg4 13. Bg5 Bxf3 14.
gxf3 e6 15. Kg2 Rfc8 16. h4 h5 17. Bd3 Qc7 18. Rab1 Na5 19. Qb4 Qxc3 20. Bf1
Qxb4 21. Rxb4 Rc7 22. Reb1 Rc2 23. R4b2 Rac8 24. Bd3 Rxb2 25. Rxb2 b6 26.
Bb5 Bf8 27. Rb1 Rc2 28. Rc1 Rxc1 29. Bxc1 Be7 30. Kg3 Bb4 31. Kf4 Be7 32.
Kg3 Nc4 33. a4 Na3 34. Bxa3 Bxa3 35. f4 Bb2 36. f5 exf5 37. Kf4 Bxd4 38. f3
Bf2 39. Bd7 Kf8 40. e6 f6 {White forfeits on time} 0-1

[Event "ICC tourney 2803 (60 5)"]
[Site "Internet Chess Club"]
[Date "2022.01.22"]
[Round "2"]
[White "YAN, RUIYANG:jy2020"]
[Black "CRG, Krishna:crg"]
[Result "1/2-1/2"]
[ICCResult "Game drawn by mutual agreement"]
[WhiteElo "2172"]
[BlackElo "2562"]
[Opening "French: Winawer, advance variation"]
[ECO "C18"]
[NIC "FR.11"]
[Time "14:00:23"]
[PlyCount "127"]
[TimeControl "3600+5"]

1. e4 e6 2. d4 d5 3. Nc3 Bb4 4. e5 c5 5. a3 Bxc3+ 6. bxc3 Qa5 7. Bd2 Qa4 8.
Qg4 Kf8 9. Qd1 b6 10. Qb1 Ba6 11. Qb3 Qc6 12. Bxa6 Nxa6 13. Nf3 Ne7 14. Bg5
h6 15. Bxe7+ Kxe7 16. c4 Rhd8 17. cxd5 Rxd5 18. c3 cxd4 19. cxd4 Qb5 20. Qc3
Qa5 21. Qxa5 Rxa5 22. Kd2 Rc8 23. Rhb1 Rc4 24. Kd3 Rca4 25. Rb3 Nc7 26. Nd2
Nd5 27. g3 b5 28. f4 h5 29. Ke4 Ra6 30. f5 Rc6 31. fxe6 fxe6 32. Kd3 Rcc4
33. Nf3 Nb4+ 34. Ke4 Nc2 35. Rc1 Rxa3 36. Rxb5 Re3+ 37. Kf4 g5+ 38. Kxg5
Rxf3 39. Rb2 Rf2 40. Rb7+ Ke8 41. Rxa7 Rxd4 42. Kxh5 Rxh2+ 43. Kg5 Rd7 44.
Ra2 Rg7+ 45. Kf6 Rf7+ 46. Kg6 Rf3 47. g4 Rc3 48. g5 Rg2 49. Rd1 Rc7 50. Rd6
Ne3 51. Rxe6+ Kd7 52. Rd6+ Ke7 53. Rxg2 Nxg2 54. Ra6 Rc4 55. Kg7 Nf4 56. g6
Ne6+ 57. Kh7 Rh4+ 58. Kg8 Nc5 59. Ra7+ Nd7 60. g7 Ke6 61. Rxd7 Kxd7 62. Kf7
Rf4+ 63. Kg6 Rg4+ 64. Kf7 {Game drawn by mutual agreement} 1/2-1/2

[Event "ICC tourney 2803 (60 5)"]
[Site "Internet Chess Club"]
[Date "2022.01.22"]
[Round "2"]
[White "YANG, KAIQI:YKQ"]
[Black "XIE, BRYAN:largecrab"]
[Result "0-1"]
[ICCResult "White forfeits on time"]
[WhiteElo "2531"]
[BlackElo "2078"]
[Opening "English: four knights, Nimzovich variation"]
[ECO "A28"]
[NIC "EO.09"]
[Time "14:00:35"]
[PlyCount "86"]
[TimeControl "3600+5"]

1. c4 e5 2. Nc3 Nf6 3. Nf3 Nc6 4. e4 Bb4 5. d3 O-O 6. a3 Bxc3+ 7. bxc3 d6 8.
h3 Re8 9. g3 Ne7 10. Bg2 Ng6 11. O-O c6 12. Re1 h6 13. Rb1 Be6 14. Kh2 Qc8
15. a4 Nd7 16. Nd2 c5 17. Nf1 Nb8 18. f4 exf4 19. gxf4 Nh4 20. f5 Nxg2 21.
Kxg2 Bd7 22. Bf4 Bc6 23. Ng3 Qd8 24. Kh2 Nd7 25. Bxd6 Qf6 26. Bf4 Qxc3 27.
Rg1 Kh7 28. Bc1 Qe5 29. Bb2 Qd6 30. Kh1 Rg8 31. Qf3 Ne5 32. Bxe5 Qxe5 33.
Nh5 Rad8 34. Rg4 Bxa4 35. Rbg1 Bc2 36. Rxg7+ Rxg7 37. Rxg7+ Kh8 38. Qe3 Rd6
39. Rg2 Bxd3 40. f6 Qxh5 41. Qg3 Qg6 42. Qxd6 Bxe4 43. Qf8+ Kh7
{White forfeits on time}
0-1

[Event "ICC tourney 2803 (60 5)"]
[Site "Internet Chess Club"]
[Date "2022.01.22"]
[Round "2"]
[White "Belous, Vladimir:Openyagami"]
[Black "Movahed, Sina:challenger2010"]
[Result "1-0"]
[ICCResult "Black resigns"]
[WhiteElo "2577"]
[BlackElo "2100"]
[Opening "King's Indian: Makagonov system (5.h3)"]
[ECO "E71"]
[NIC "KI.20"]
[Time "14:00:19"]
[PlyCount "161"]
[TimeControl "3600+5"]

1. c4 Nf6 2. Nc3 g6 3. e4 d6 4. d4 Bg7 5. h3 O-O 6. Nf3 e5 7. d5 a5 8. Bg5
Na6 9. Be2 Nc5 10. Nd2 c6 11. O-O h6 12. Be3 Qe7 13. a3 a4 14. Bxc5 dxc5 15.
Nxa4 Nd7 16. Rb1 h5 17. b4 Bh6 18. Nf3 f5 19. exf5 e4 20. Nh2 gxf5 21. bxc5
h4 22. dxc6 bxc6 23. Nb6 Nxb6 24. cxb6 Be6 25. a4 Bf4 26. Re1 Qg7 27. Nf3
Rad8 28. Qb3 Kh7 29. a5 Rg8 30. Bf1 Bf7 31. a6 Rd3 32. Qxd3 exd3 33. a7 Bh5
34. Nxh4 d2 35. Nxf5 dxe1=Q 36. Rxe1 Qc3 37. Re7+ Kh8 38. Re4 Qa1 39. Rxf4
Rf8 40. c5 Be2 41. b7 Qxa7 42. Bxe2 Qa1+ 43. Bf1 Qb1 44. Kh2 Kh7 45. Nd6
Rxf4 46. Bd3+ Qxd3 47. b8=Q Qd5 48. Qb1+ Kg7 49. Qb2+ Kh7 50. Qc2+ Kg7 51.
Qc3+ Kh7 52. f3 Rd4 53. Qe3 Rd3 54. Qe7+ Kg6 55. Ne4 Qf5 56. Qe8+ Kg7 57.
Qxc6 Qe5+ 58. Ng3 Rd2 59. Qe4 Qb2 60. Qg4+ Kf7 61. Ne4 Re2 62. h4 Qe5+ 63.
Qg3 Qa1 64. Qc7+ Kf8 65. Qd6+ Kf7 66. Ng5+ Ke8 67. Qg6+ Kd8 68. Qd3+ Kc7 69.
Qxe2 Kc6 70. Qe3 Kd5 71. Qf2 Qe5+ 72. f4 Qf5 73. g3 Kc6 74. Nf3 Qe4 75. Ne5+
Kc7 76. c6 Qa4 77. h5 Kc8 78. Qd2 Kc7 79. Qb2 Kd6 80. Qa3+ Qxa3 81. Nc4+
{Black resigns}
1-0

[Event "ICC tourney 2803 (60 5)"]
[Site "Internet Chess Club"]
[Date "2022.01.22"]
[Round "2"]
[White "EHSANI, YASSAMIN:Blue-Elephant1"]
[Black "Otawa, Yuto:hidedozyo"]
[Result "0-1"]
[ICCResult "White resigns"]
[WhiteElo "1980"]
[BlackElo "2204"]
[Opening "Benoni defense"]
[ECO "A56"]
[NIC "BI.38"]
[Time "14:00:18"]
[PlyCount "58"]
[TimeControl "3600+5"]

1. d4 Nf6 2. c4 c5 3. d5 g6 4. Nc3 Bg7 5. e4 d6 6. Nge2 e6 7. Ng3 O-O 8. Be2
exd5 9. cxd5 Nbd7 10. O-O a6 11. a4 Re8 12. Bg5 h6 13. Be3 Rb8 14. Qd2 h5
15. Bg5 Qa5 16. f4 Nh7 17. f5 Nxg5 18. fxg6 Bh6 19. gxf7+ Nxf7 20. Qd1 Nde5
21. Nxh5 Rf8 22. Qe1 Qd8 23. Nf6+ Kh8 24. Qh4 Rg8 25. Nd1 Rg6 26. Kh1 Nd7
27. Ne3 Nxf6 28. e5 Nxe5 29. Bh5 Bg5 {White resigns} 0-1

[Event "ICC tourney 2803 (60 5)"]
[Site "Internet Chess Club"]
[Date "2022.01.22"]
[Round "2"]
[White "BANSAL, ADVAY:chessforme17"]
[Black "SRIPADA, HAVISH:brilliantnessme"]
[Result "0-1"]
[ICCResult "White forfeits on time"]
[WhiteElo "1815"]
[BlackElo "1925"]
[Opening "Sicilian: Canal-Sokolsky attack, 3...Bd7"]
[ECO "B52"]
[NIC "SI.01"]
[Time "14:00:08"]
[PlyCount "100"]
[TimeControl "3600+5"]

1. e4 c5 2. Nf3 d6 3. Bb5+ Bd7 4. Bxd7+ Nxd7 5. O-O Ngf6 6. Qe2 e6 7. d4
cxd4 8. Nxd4 Be7 9. c4 Qa5 10. Nc3 O-O 11. Bd2 Qc7 12. b3 a6 13. Rac1 Rac8
14. Be3 Qa5 15. a4 Rfd8 16. Rfd1 Bf8 17. f3 Ne5 18. Qd2 Qc7 19. Kh1 b6 20.
Qf2 Qb7 21. Nde2 Nfd7 22. Rc2 Nc5 23. Nc1 a5 24. Rcd2 Be7 25. Nb5 Qb8 26.
Qg3 Rd7 27. Bxc5 bxc5 28. f4 Ng6 29. Nd3 d5 30. cxd5 exd5 31. exd5 Rxd5 32.
Ne5 Rxd2 33. Rxd2 Nxe5 34. fxe5 c4 35. Nd4 c3 36. Nf5 Bf6 37. Rc2 Bxe5 38.
Qg4 Rd8 39. Ne7+ Kf8 40. Nc6 Qxb3 41. Rc1 Qb2 42. Qg5 f6 43. Qe3 Rd5 44. Rf1
Qd2 45. Qa7 Bd6 46. Nd8 Be7 47. Nc6 Qe2 48. Rg1 Bc5 49. Qa8+ Qe8 50. Nb8 Rd8
{White forfeits on time}
0-1

[Event "ICC tourney 2803 (60 5)"]
[Site "Internet Chess Club"]
[Date "2022.01.22"]
[Round "2"]
[White "TANG, ZOEY:WonderZ"]
[Black "Nguyen, Hoa Duc:leoman"]
[Result "1-0"]
[ICCResult "Black forfeits on time"]
[WhiteElo "2085"]
[BlackElo "2506"]
[Opening "QGD: semi-Slav, Marshall gambit"]
[ECO "D31"]
[NIC "SL.06"]
[Time "14:00:17"]
[PlyCount "125"]
[TimeControl "3600+5"]

1. d4 d5 2. c4 e6 3. Nc3 c6 4. e4 dxe4 5. Nxe4 Bb4+ 6. Bd2 Qxd4 7. Bxb4
Qxe4+ 8. Ne2 Na6 9. Bf8 Ne7 10. Bxg7 Rg8 11. Bf6 Rg6 12. Qd4 Qxd4 13. Bxd4
f6 14. Ng3 e5 15. Bc3 Nc5 16. Bb4 Na6 17. Ba3 c5 18. Be2 Bg4 19. Bd3 Rg7 20.
f3 O-O-O 21. Rd1 Be6 22. Kf2 Nc6 23. b3 Rgd7 24. Be2 Rd2 25. Ne4 Rxa2 26.
Bxc5 Rxd1 27. Rxd1 Nxc5 28. Nxc5 Nd4 29. Kf1 Bf5 30. Bd3 Bxd3+ 31. Rxd3 Rb2
32. Ne4 Nxb3 33. Nxf6 a5 34. Nd5 Kb8 35. Ke1 Nc5 36. Rd2 Rb1+ 37. Kf2 Rc1
38. Ra2 a4 39. Nb6 Kc7 40. Nxa4 Rxc4 41. Nxc5 Rxc5 42. Ke3 b5 43. Ra7+ Kb6
44. Rxh7 b4 45. Rh8 Rc2 46. g4 Kb7 47. Rh7+ Kb6 48. Rh8 Kb7 49. Rh5 Rc5 50.
Rh7+ Kb6 51. Rh8 Kb7 52. Rd8 Rc3+ 53. Rd3 Rc2 54. Rd2 Rc1 55. Rb2 Rc4 56. h4
Kc6 57. h5 Kd6 58. h6 Ke6 59. h7 Rc3+ 60. Ke2 Rc8 61. Rxb4 Kf6 62. Rb7 Kg6
63. Ke3 {Black forfeits on time} 1-0

[Event "ICC tourney 2803 (60 5)"]
[Site "Internet Chess Club"]
[Date "2022.01.22"]
[Round "2"]
[White "QUIRKE, JEFFREY L:PawnEatingZombi"]
[Black "CHEN, RYO WENYU:e4f5"]
[Result "1/2-1/2"]
[ICCResult "Game drawn by repetition"]
[WhiteElo "2005"]
[BlackElo "2282"]
[Opening "King's Indian: Semi-Averbakh system"]
[ECO "E73"]
[NIC "KI.27"]
[Time "14:00:35"]
[PlyCount "149"]
[TimeControl "3600+5"]

1. d4 Nf6 2. c4 g6 3. Nc3 Bg7 4. e4 d6 5. Be2 O-O 6. Be3 c5 7. d5 e6 8. Nf3
exd5 9. cxd5 Bg4 10. Nd2 Bxe2 11. Qxe2 Re8 12. O-O Na6 13. h3 Nc7 14. a4 Nd7
15. Rfe1 Qe7 16. Qf1 Rab8 17. Kh1 a6 18. Bf4 b5 19. axb5 axb5 20. Ra7 Ne5
21. Bxe5 Bxe5 22. f4 Bxc3 23. bxc3 Ra8 24. Rea1 Rxa7 25. Rxa7 Qd8 26. Qa1 b4
27. cxb4 Nb5 28. bxc5 Nxa7 29. Qxa7 Qf6 30. c6 Qxf4 31. Nf3 Qxe4 32. c7 Qc4
33. Qb8 Kf8 34. Nd4 Qf1+ 35. Kh2 Qf4+ 36. Kh1 Qc1+ 37. Kh2 Qf4+ 38. Kh1 Qxd4
39. Qxe8+ Kxe8 40. c8=Q+ Ke7 41. Qc7+ Kf6 42. Qxd6+ Kg7 43. Qc6 Qa1+ 44. Kh2
Qe5+ 45. Kg1 Qe3+ 46. Kf1 Qf4+ 47. Kg1 Qd4+ 48. Kf1 Qa1+ 49. Kf2 Qf6+ 50.
Kg1 Qd4+ 51. Kh1 h5 52. d6 Kf6 53. Qd7 Qa1+ 54. Kh2 Qe5+ 55. Kh1 Qe1+ 56.
Kh2 Qe5+ 57. Kh1 Qe1+ 58. Kh2 h4 59. Qd8+ Kg7 60. Qe7 Qg3+ 61. Kh1 Qf4 62.
d7 Qf1+ 63. Kh2 Qf4+ 64. Kh1 Qf1+ 65. Kh2 Qf4+ 66. Kh1 Qc1+ 67. Kh2 Qc7+ 68.
Kh1 Qc1+ 69. Kh2 Qf4+ 70. Kh1 Qf1+ 71. Kh2 Qf4+ 72. Kh1 Qc1+ 73. Kh2 Qf4+
74. Kh1 Qf1+ 75. Kh2 {Game drawn by repetition} 1/2-1/2

[Event "ICC tourney 2803 (60 5)"]
[Site "Internet Chess Club"]
[Date "2022.01.22"]
[Round "3"]
[White "JIN, JERRY:MysteryHunter"]
[Black "BANSAL, ADVAY:chessforme17"]
[Result "0-1"]
[ICCResult "White resigns"]
[WhiteElo "1622"]
[BlackElo "1815"]
[Opening "Sicilian: Najdorf"]
[ECO "B90"]
[NIC "SI.14"]
[Time "17:00:12"]
[PlyCount "70"]
[TimeControl "3600+5"]

1. e4 c5 2. Nf3 d6 3. d4 cxd4 4. Nxd4 Nf6 5. Nc3 a6 6. Bd3 e6 7. O-O Be7 8.
Re1 O-O 9. h3 b5 10. f4 Bb7 11. Nf3 Nbd7 12. Kh2 Nc5 13. g4 b4 14. g5 bxc3
15. gxf6 Bxf6 16. b3 e5 17. f5 d5 18. Ba3 Nxd3 19. cxd3 Re8 20. Qc2 Rc8 21.
Rg1 Qb6 22. Rg2 dxe4 23. dxe4 Qe3 24. Qe2 Qf4+ 25. Rg3 Qxe4 26. Qxe4 Bxe4
27. Rc1 Bxf5 28. Ne1 e4 29. Kg1 e3 30. Bb4 c2 31. Ba3 Bc3 32. Nxc2 Bd2 33.
Bb2 Bg6 34. Rf1 Rxc2 35. Bd4 e2 {White resigns} 0-1

[Event "ICC tourney 2803 (60 5)"]
[Site "Internet Chess Club"]
[Date "2022.01.22"]
[Round "3"]
[White "Nguyen, Hoa Duc:leoman"]
[Black "LIANG, YU-CHENG:Yucheng"]
[Result "1-0"]
[ICCResult "Black resigns"]
[WhiteElo "2506"]
[BlackElo "1916"]
[Opening "Benoni: fianchetto variation"]
[ECO "A62"]
[NIC "BI.23"]
[Time "17:00:11"]
[PlyCount "57"]
[TimeControl "3600+5"]

1. d4 Nf6 2. c4 e6 3. g3 c5 4. d5 exd5 5. cxd5 d6 6. Nc3 g6 7. Bg2 Bg7 8.
Nf3 O-O 9. O-O Re8 10. Bf4 a6 11. a4 b6 12. Re1 Nh5 13. Bg5 Qc7 14. Qd2 Nd7
15. Rac1 Nhf6 16. Qf4 Nh5 17. Qd2 Bb7 18. e4 Ne5 19. b3 f6 20. Nxe5 fxe5 21.
Bh3 Bc8 22. Bxc8 Raxc8 23. b4 Qd7 24. b5 a5 25. Nd1 Rf8 26. Nb2 Nf6 27. Nc4
Qc7 28. h3 Nd7 29. Be7 {Black resigns} 1-0

[Event "ICC tourney 2803 (60 5)"]
[Site "Internet Chess Club"]
[Date "2022.01.22"]
[Round "3"]
[White "XIE, BRYAN:largecrab"]
[Black "HEBDEN, MARK L:mhebden"]
[Result "0-1"]
[ICCResult "White resigns"]
[WhiteElo "2078"]
[BlackElo "2505"]
[Opening "King's Indian: London system"]
[ECO "A48"]
[NIC "QP.03"]
[Time "17:00:28"]
[PlyCount "117"]
[TimeControl "3600+5"]

1. d4 Nf6 2. Nf3 g6 3. Bf4 Bg7 4. e3 O-O 5. Be2 c5 6. O-O d6 7. h3 Qb6 8.
Na3 Be6 9. c3 Qxb2 10. Nb5 Bxa2 11. Nc7 Nd5 12. Nxa8 Nxc3 13. Qd2 Nxe2+ 14.
Kh1 Qxd2 15. Nxd2 Be6 16. Rxa7 Nc6 17. Ra3 Nxf4 18. exf4 Nxd4 19. Nc7 b5 20.
Ra7 c4 21. Rb7 Bc8 22. Rb6 c3 23. Ne4 c2 24. Rc1 Bf5 25. f3 Rc8 26. Nd5 Kf8
27. Ne3 Bh6 28. g3 Nxf3 29. Nf2 Nd4 30. Nxf5 gxf5 31. Nd3 Rc3 32. Ne1 Rxg3
33. Nxc2 Nxc2 34. Rxc2 Rxh3+ 35. Kg2 Rh4 36. Rxb5 Rxf4 37. Rc7 Bg5 38. Rd5
Kg7 39. Rc8 h5 40. Ra8 h4 41. Raa5 Kg6 42. Rab5 Bf6 43. Rb8 Kg7 44. Rbb5 Be5
45. Kh3 Kg6 46. Rb8 Rf3+ 47. Kg2 Rg3+ 48. Kh1 Kg7 49. Rb4 f4 50. Rd2 e6 51.
Rh2 Rg4 52. Rg2 f5 53. Rxg4+ fxg4 54. Kg2 h3+ 55. Kh2 Kg6 56. Kh1 Kf5 57.
Ra4 d5 58. Rb4 d4 59. Rb6 {White resigns} 0-1

[Event "ICC tourney 2803 (60 5)"]
[Site "Internet Chess Club"]
[Date "2022.01.22"]
[Round "3"]
[White "MITRABHA, GUHA:babysnake"]
[Black "QUIRKE, JEFFREY L:PawnEatingZombi"]
[Result "1-0"]
[ICCResult "Black checkmated"]
[WhiteElo "2470"]
[BlackElo "2005"]
[Opening "Queen's pawn, Mason variation"]
[ECO "D00"]
[NIC "QP.08"]
[Time "17:00:58"]
[PlyCount "81"]
[TimeControl "3600+5"]

1. d4 d5 2. Bf4 e6 3. e3 Nf6 4. Nf3 c5 5. Nbd2 Nc6 6. c3 Nh5 7. Bg5 f6 8.
Bh4 g6 9. e4 cxd4 10. cxd4 Be7 11. Bb5 dxe4 12. Nxe4 O-O 13. O-O Nf4 14. Rc1
Nd5 15. Qd2 g5 16. Bg3 f5 17. Nexg5 f4 18. Bh4 h6 19. Qd3 Rf5 20. Nxe6 Bxe6
21. Rfe1 Bd7 22. Bxc6 bxc6 23. Rxe7 Nxe7 24. Re1 Rf7 25. Qc4 Kf8 26. Ne5 Be8
27. Nxf7 Bxf7 28. Qd3 Qd5 29. Bxe7+ Kg8 30. Re5 Qxa2 31. h3 Rb8 32. Qf5 Rxb2
33. Qxf4 Qb1+ 34. Kh2 Qg6 35. Re3 Rb3 36. Rxb3 Bxb3 37. Qb8+ Kf7 38. Bc5 Bd5
39. Qf8+ Ke6 40. Qe7+ Kf5 41. Qe5# {Black checkmated} 1-0

[Event "ICC tourney 2803 (60 5)"]
[Site "Internet Chess Club"]
[Date "2022.01.22"]
[Round "3"]
[White "Movahed, Sina:challenger2010"]
[Black "WU, WILLIAM:K09-15782241"]
[Result "1-0"]
[ICCResult "Black resigns"]
[WhiteElo "2100"]
[BlackElo "1875"]
[Opening "Giuoco Piano: Anderssen variation"]
[ECO "C54"]
[NIC "IG.02"]
[Time "17:00:21"]
[PlyCount "81"]
[TimeControl "3600+5"]

1. e4 e5 2. Nf3 Nc6 3. Bc4 Bc5 4. c3 Nf6 5. d4 exd4 6. e5 d5 7. Bb5 Ne4 8.
cxd4 Bb4+ 9. Nbd2 O-O 10. O-O Bg4 11. Qa4 Nxd2 12. Nxd2 Bxd2 13. Bxd2 Bd7
14. f4 a6 15. Bxc6 Bxc6 16. Qc2 f6 17. e6 Qd6 18. f5 Qe7 19. Ba5 Bb5 20. Rf3
b6 21. Bc3 c5 22. Qb3 Rab8 23. Re1 Bc6 24. Rfe3 Rfd8 25. Qd1 b5 26. Ba5 Re8
27. Rc3 c4 28. a3 Qd6 29. Bb4 Qc7 30. Rg3 a5 31. Bc5 Qf4 32. Qh5 Kh8 33. Rf1
Qh6 34. Qf3 b4 35. axb4 axb4 36. Bd6 Qd2 37. Bxb8 Qxd4+ 38. Kh1 Rxb8 39.
Rxg7 c3 40. Rc7 Bb5 41. Qh5 {Black resigns} 1-0

[Event "ICC tourney 2803 (60 5)"]
[Site "Internet Chess Club"]
[Date "2022.01.22"]
[Round "3"]
[White "GU, MINGHAO:mancogu"]
[Black "Vikas, Hema:madscience08"]
[Result "1-0"]
[ICCResult "Black resigns"]
[WhiteElo "1702"]
[BlackElo "1407"]
[Opening "Sicilian: Najdorf, 7.f4"]
[ECO "B96"]
[NIC "SI.04"]
[Time "17:00:22"]
[PlyCount "83"]
[TimeControl "3600+5"]

1. e4 c5 2. Nf3 d6 3. d4 cxd4 4. Nxd4 Nf6 5. Nc3 a6 6. Bg5 e6 7. f4 h6 8.
Bh4 Qb6 9. a3 Be7 10. Bf2 Qc7 11. Qd2 O-O 12. O-O-O Rd8 13. Be2 b5 14. g4
Bb7 15. Bf3 d5 16. e5 Ne4 17. Bxe4 dxe4 18. Qe3 Bc5 19. Nxe4 Ba7 20. Rhe1
Nc6 21. Qc3 Rd5 22. Nd6 Rc5 23. Nxe6 Qxd6 24. Nxc5 Qg6 25. Nxb7 Bxf2 26. Rf1
Bd4 27. Rxd4 Nxd4 28. Qxd4 Rc8 29. c3 Qxg4 30. Nd6 Rd8 31. Qg1 Qh3 32. Rd1
Qh4 33. Qg3 Qh5 34. Rg1 g6 35. Qg4 Qxh2 36. f5 Qxe5 37. fxg6 f6 38. Nf5 h5
39. Qxh5 Qf4+ 40. Kb1 Rd7 41. g7 Qe4+ 42. Ka1 {Black resigns} 1-0